 Dungeon Crawl Stone Soup version 0.32-a0-540-g866d13106e (webtiles) character file.

Game seed: 6312426088569817685

100 grandjackal the Slasher (level 4, -3/35 HPs)
             Began as a Demonspawn Gladiator on Feb 29, 2024.
             Slain by an orc
             ... wielding a +2 heavy mace
              (8 damage)
             ... on level 3 of the Dungeon.
             The game lasted 00:01:37 (1358 turns).

grandjackal the Slasher (Demonspawn Gladiator)      Turns: 1358, Time: 00:01:38

Health: -3/35      AC:  6    Str: 14    XL:     4   Next: 47%
Magic:  13/13      EV: 12    Int:  9    God:
Gold:   159        SH:  0    Dex: 16    Spells: 3/3 levels left

rFire   . . .        a - +0 long sword
rCold   . . .        (no shield)
rNeg    . . .        b - +0 leather armour
rPois   +            c - +0 helmet
rElec   .            (no cloak)
rCorr   .            m - +0 pair of gloves
SInv    .            p - +0 pair of boots
Will    .....        h - amulet of magic regeneration
Stlth   +            u - ring of poison resistance
HPRegen 0.25/turn    l - ring of magical power
MPRegen 0.53/turn

%: no passive effects
@: no status effects
A: demonic guardian 1, weakness stinger 1
a: no special abilities


You were on level 3 of the Dungeon.
You visited 1 branch of the dungeon, and saw 3 of its levels.

You collected 159 gold pieces.

Inventory:

Hand Weapons
 a - a +0 long sword (weapon)
Missiles
 d - 3 throwing nets (quivered)
 e - a javelin
 n - 11 poisoned darts
Armour
 b - a +0 leather armour (worn)
 c - a +0 helmet (worn)
 m - a +0 pair of gloves (worn)
 p - a +0 pair of boots (worn)
Jewellery
 h - an amulet of magic regeneration (around neck)
 l - a ring of magical power (right hand)
 u - a ring of poison resistance (left hand)
Scrolls
 j - a scroll of blinking {unknown}
 k - a scroll of identify {unknown}
 o - a scroll of teleportation {unknown}
 q - a scroll of amnesia {unknown}
 s - a scroll of enchant armour {unknown}
Potions
 f - a potion of resistance {unknown}
 g - a potion of attraction {unknown}
 i - a potion of brilliance {unknown}
 r - a potion of haste {unknown}
 t - a potion of magic {unknown}
 v - a potion of mutation {unknown}


   Skills:
 + Level 3.4 Fighting
 + Level 3.7 Long Blades
 - Level 2.0 Throwing
 - Level 3.0 Dodging


You had 3 spell levels left.
You didn't know any spells.
Your spell library contained the following spells:

 Spells                   Type           Power      Damage    Failure   Level
 Summon Small Mammal      Summ           0%         N/A       45%         1


Dungeon Overview and Level Annotations

Branches:
Dungeon (3/15)

Altars:

Annotations:
D:3 Natasha


Innate Abilities, Weirdness & Mutations

A weak demonic guardian rushes to your aid.
You have a small tail.


Message History

The orc priest barely misses you.
Unknown command.
You slash the orc priest!
The orc priest is almost dead.
The orc priest calls down the wrath of Beogh upon you.
Pain shoots through your body!
* * * LOW HITPOINT WARNING * * *
Something hits the plant.
The plant begins to die.
Unknown command.
You closely miss the orc priest.
The orc priest is almost dead.
The orc priest threatens, "Beogh's wrath is as vast as their mercy.
Make your choice!"
Something hits the plant. x3; The orc priest hits you with a +0 whip.
* * * LOW HITPOINT WARNING * * *
A demonic guardian appears!
Something hits the plant.
The orc priest hits you with a +0 whip.
* * * LOW HITPOINT WARNING * * *
You hit the orc priest but do no damage.
The orc priest is almost dead.
A quokka comes into view.
The orc priest hits you but does no damage.
Unknown command.
You barely miss the orc priest.
The orc priest is almost dead.
Your quasit bites something.
Your quasit completely misses something.
Your quasit claws something.
The orc priest barely misses you.
Your quasit bites something.
Your quasit claws something. x2
Unknown command.
You hit the orc priest.
You kill the orc priest!
A nearby plant withers and dies.
The bat hits you.
* * * LOW HITPOINT WARNING * * *
A demonic guardian appears!
The bat hits you but does no damage.
Your quasit bites something.
Your quasit claws something. x2
Unknown command.
The bat hits you but does no damage.
Natasha, Servant of Life and Death comes into view.
The orc attacks as it pursues you! The orc hits you with a +2 heavy mace!
You die...

.....##^.####
#.##.....#
..#..^.######.#.......
#.##^................
#.#....######.........
.#P##..######.........
#P#.^.....##.........
#
#.#_..###............
#5#.#...# .##.........
#5#P##@.# # #.........
#.#.o^.# #.........
#o##..# #.>.......
#...r#.......
#......... .......
##..#.## #.#.......
#.###.. h....#
##.....# ##. ######
#####. ## ## #


You could see Natasha (wandering), 2 orcs and a quokka.

Vanquished Creatures
  An orc priest (D:3)
  An adder (D:2)
  3 dart slugs
  A ribbon worm (D:3)
  An orc (D:3)
  5 endoplasms
  3 giant cockroaches
  5 goblins
  A hobgoblin (D:3)
  6 jackals
  4 kobolds (D:1)
  4 quokkas
  2 ball pythons
  4 bats
  A frilled lizard (D:1)
  4 rats
46 creatures vanquished.

Notes
Turn   | Place    | Note
-------+----------+-------------------------------------------
     0 | D:1      | grandjackal the Demonspawn Gladiator began the quest for
                  | the Orb.
     0 | D:1      | Reached XP level 1. HP: 16/16 MP: 1/1
   133 | D:1      | Gained mutation: You have a small tail. [demonic ancestry]
   133 | D:1      | Reached XP level 2. HP: 22/22 MP: 2/2
   786 | D:2      | Reached XP level 3. HP: 28/28 MP: 3/3
  1313 | D:3      | Found a faded altar of an unknown god.
  1324 | D:3      | Gained mutation: A weak demonic guardian rushes to your
                  | aid. [demonic ancestry]
  1324 | D:3      | Reached XP level 4. HP: 35/35 MP: 4/4
  1337 | D:3      | Got Plato's Precepts of the Band
  1358 | D:3      | Noticed Natasha
  1358 | D:3      | Slain by an orc

Illustrated notes

Levels and vault maps discovered:
D:1:      wander_arrival_lonely_grave, layout_loops_ring
D:2:      layout_basic
D:3:      layout_rooms, shapermc_ecumenical_altar_rom_forum, uniq_natasha

Skill      XL: |  1  2  3 |
---------------+----------+-----
Throwing       | 2 |  2.0
Dodging        | 3 |  3.0
Long Blades    | 3 |  3.7
Fighting       | 3 |  3.4

Action                     |  1- 3 |  4- 6 || total
---------------------------+-------+-------++-------
  Melee: Long sword        |    93 |    13 ||   106
         Tailslap          |     7 |     1 ||     8
   Stab: Distracted        |     1 |       ||     1
         Sleeping          |     5 |       ||     5
 Armour: Leather armour    |    37 |    12 ||    49
  Dodge: Dodged            |    63 |     6 ||    69

Table legend: (Time is in decaauts)
 A = Elapsed time spent in this place.
 B = Non-inter-level travel time spent in this place.
 C = Inter-level travel time spent in this place.
 D = Time resting spent in this place.
 E = Time spent auto-exploring this place.
 F = Levels seen in this place.
 G = Mean time per level.
                   A        B        C        D        E       F      G
               +--------+--------+--------+--------+--------+-----+--------+
         Total |   1383 |   1362 |     21 |      0 |   1036 |   3 |  461.0 |
       Dungeon |   1383 |   1362 |     21 |      0 |   1036 |   3 |  461.0 |
               +--------+--------+--------+--------+--------+-----+--------+

Top non-repeatable levels by time:
     D:1: 636 daAuts
     D:2: 600 daAuts
     D:3: 145 daAuts
